 Dungeon Crawl Stone Soup version 0.29.1-1-gd02db6906a (webtiles) character file.

Game seed: 15321497334374187292

97 LustLizard the Vexing (level 4, -1/22 HPs)
             Began as a Spriggan Arcane Marksman on Sept 21, 2022.
             Was an Initiate of Dithmenos.
             Constricted to death by Sigmund (7 damage)
             ... on level 3 of the Dungeon.
             The game lasted 00:05:38 (2085 turns).

LustLizard the Vexing (Spriggan Arcane Marksman)    Turns: 2085, Time: 00:05:39

Health: -1/22      AC:  2    Str:  6    XL:     4   Next: 42%
Magic:  7/7        EV: 15    Int: 14    God:    Dithmenos [......]
Gold:   61         SH:  0    Dex: 17    Spells: 4/5 levels left

rFire   . . .      SeeInvis +   a - +1 sling
rCold   . . .      Faith    .   (no shield)
rNeg    . . .      Spirit   .   c - +0 robe
rPois   .          Reflect  .   (helmet restricted)
rElec   .          Harm     .   (no cloak)
rCorr   .          Rampage  .   (gloves unavailable)
Will    .....                   (boots unavailable)
Stlth   ++........              (no amulet)
HPRegen 0.07/turn               (no ring)
MPRegen 0.10/turn               (no ring)

@: grasped by roots, constricted, slow
A: very small, no large weapons, unfitting armour, see invisible, speed 3
a: Renounce Religion


You were on level 3 of the Dungeon.
You worshipped Dithmenos.
Dithmenos was noncommittal.
You visited 1 branch of the dungeon, and saw 3 of its levels.

You collected 61 gold pieces.

Inventory:

Hand Weapons
 a - a +1 sling (weapon)
 r - a +2 dagger of protection
Armour
 c - a +0 robe (worn)
Jewellery
 q - a ring of poison resistance
Wands
 s - a wand of flame (9)
Scrolls
 b - a scroll of poison
 f - a scroll of fear {unknown}
 g - 3 scrolls of enchant weapon {unknown}
 h - a scroll of blinking {unknown}
 j - a scroll of identify {unknown}
 k - a scroll of torment {unknown}
 m - a scroll of teleportation {unknown}
 p - a scroll of acquirement {unknown}
Potions
 d - 3 potions of curing {unknown}
 e - 3 potions of mutation {unknown}
 i - a potion of heal wounds {unknown}
 l - 2 potions of cancellation {unknown}
 n - 2 potions of flight {unknown}
 o - a potion of haste {unknown}
 t - a potion of brilliance {unknown}
 u - 2 potions of degeneration {unknown}


   Skills:
 + Level 1.3 Fighting
 * Level 3.1 Ranged Weapons
 + Level 3.3 Dodging
 * Level 3.6 Stealth
 - Level 1.3 Spellcasting
 - Level 4.0 Hexes


You had 4 spell levels left.
You knew the following spells:

 Your Spells              Type           Power      Damage    Failure   Level
a - Slow                  Hex            48%        N/A       4%          1

Your spell library contained the following spells:

 Spells                   Type           Power      Damage    Failure   Level
 Sandblast                Erth           0%         2d4       26%         1
 Inner Flame              Hex/Fire       6%         N/A       32%         3
 Portal Projectile        Hex/Tloc       12%        N/A       32%         3
 Passwall                 Tmut/Erth      0%         N/A       36%         2
 Cause Fear               Hex            6%         N/A       43%         4
 Stone Arrow              Conj/Erth      0%         3d7       58%         3


Dungeon Overview and Level Annotations

Branches:
Dungeon (3/15)

Altars:
Dithmenos

Annotations:
D:3 exclusion: upstairs, Sigmund


Innate Abilities, Weirdness & Mutations

You are very small and have problems with some larger weapons.
You are too small for most types of armour.
You have supernaturally acute eyesight. (SInv)
You cover ground extremely quickly. (Speed+++)


Message History

The sling bullet hits the quokka but does no damage.
Really attack while wielding your +1 sling? [Y]es or [N]o only, please.
Really attack while wielding your +1 sling? [Y]es or [N]o only, please.
Really attack while wielding your +1 sling? [Y]es or [N]o only, please.
Really attack while wielding your +1 sling?
Okay, then.
Fire: a) +1 sling
Press: ? - help, Q - select action, (/) - cycle Shift-Dir - straight line, f/p - giant cockroach
Aim: a giant cockroach (59% to hit)
You shoot a sling bullet.
The sling bullet closely misses the giant cockroach.
The sling bullet hits the quokka.
You kill the quokka!
Dithmenos accepts your kill.
The giant cockroach completely misses you.
Sigmund zaps a wand.
The roots erupt in riotous growth!
The grasping roots grab you! The grasping roots constrict you.
Fire: a) +1 sling
Press: ? - help, Q - select action, (/) - cycle Shift-Dir - straight line, f/p - giant cockroach
Aim: a giant cockroach (59% to hit)
You shoot a sling bullet.
The sling bullet hits the giant cockroach but does no damage.
The giant cockroach misses you. The grasping roots constrict you.
The giant cockroach splashes around in the water.
Fire: a) +1 sling
Press: ? - help, Q - select action, (/) - cycle Shift-Dir - straight line, f/p - giant cockroach
Aim: a giant cockroach (59% to hit)
You shoot a sling bullet.
The sling bullet hits the giant cockroach.
You kill the giant cockroach!
Dithmenos accepts your kill.
Sigmund points at you and mumbles some strange words.
The magic dart hits you!
* * * LOW HITPOINT WARNING * * *
The grasping roots constrict you!
You die...

#######
#....#..........#
#...............#
#.^.............#
#..<..@.........#
######
#.....#.........#
##....#
####..#.........#
...##.####
##.#######....#
...#.....# #.##
###### ...#####.#
#####@# .)######.#
#...#~# .......#<#
#.#.#~#
.....#.#####.#.#~#
.....#.......#.#†#
.....#########.#~#
.....# #...#.#
.....# ##...##~
##...# #..###


You could see Sigmund (resistant).

Vanquished Creatures
  4 adders
  3 dart slugs
  An orc (D:3)
  6 bats
  4 endoplasms
  3 giant cockroaches (D:3)
  7 hobgoblins
  5 kobolds
  4 quokkas
  4 ball pythons
  A frilled lizard (D:1)
  3 goblins
  7 rats
52 creatures vanquished.

Notes
Turn   | Place    | Note
-------+----------+-------------------------------------------
     0 | D:1      | LustLizard the Spriggan Arcane Marksman began the quest for
                  | the Orb.
     0 | D:1      | Reached XP level 1. HP: 9/9 MP: 3/3
    69 | D:1      | Reached skill level 1 in Stealth
   307 | D:1      | Reached XP level 2. HP: 14/14 MP: 5/5
   404 | D:1      | Reached skill level 4 in Hexes
   442 | D:1      | Reached skill level 1 in Fighting
  1084 | D:2      | Reached XP level 3. HP: 18/18 MP: 6/6
  1278 | D:2      | Found a faded altar of an unknown god.
  1467 | D:3      | Noticed Sigmund
  1686 | D:3      | Found a shadowy altar of Dithmenos.
  1691 | D:3      | Became a worshipper of Dithmenos the Shadowed
  1733 | D:3      | Reached XP level 4. HP: 16/22 MP: 7/7
  2085 | D:3      | Constricted to death by Sigmund

Illustrated notes

Levels and vault maps discovered:
D:1:      scummos_arrival_hexagon, layout_basic
D:2:      layout_basic, dreamdust_ecumenical_altar_statues
D:3:      layout_basic, mainiacjoe_overflow_alcove_2, gup_sewer_entry_spiral,
          small_statue_intersection, uniq_sigmund

Skill      XL: |  1  2  3  4 |
---------------+-------------+-----
Stealth        | 1 2 3 |  3.6
Hexes          | 4 |  4.0
Fighting       | 1 |  1.3
Dodging        | 3 |  3.3
Ranged Weapons | 3 |  3.1
Spellcasting   | |  1.3

Action                   |  1- 3 |  4- 6 || total
-------------------------+-------+-------++-------
 Fire: Sling             |   111 |    29 ||   140
 Cast: Slow              |       |     3 ||     3
Armor: Robe              |     5 |       ||     5
Dodge: Dodged            |    33 |    10 ||    43
